 Dungeon Crawl Stone Soup version 0.29-a0-1047-g7c58e119a4 (webtiles) character file.

Game seed: 13869868591609230174

163 ytrimaz the Insei (level 5, -3/55 HPs)
             Began as a Demonspawn Transmuter on Aug 16, 2022.
             Killed from afar by Robin (12 damage)
             ... with a bolt of dispelling energy
             ... on level 2 of the Dungeon.
             The game lasted 00:01:33 (2940 turns).

ytrimaz the Insei (Demonspawn Transmuter)           Turns: 2940, Time: 00:01:34

Health: -3/55      AC: 22    Str: 10    XL:     5   Next: 20%
Magic:  8/8        EV:  2    Int: 16    God:
Gold:   87         SH:  0    Dex: 14    Spells: 7/8 levels left

rFire   . . .      SeeInvis .     - Unarmed
rCold   . . .      Faith    .   (no shield)
rNeg    . . .      Spirit   .   (body armour currently unavailable)
rPois   +          Reflect  .   (helmet currently unavailable)
rElec   .          Harm     .   (cloak currently unavailable)
rCorr   .          Rampage  .   (gloves currently unavailable)
Will    .....      NoTele   +   (boots currently unavailable)
Stlth   +.........              (no amulet)
HPRegen 0.18/turn               (no ring)
MPRegen 0.11/turn               (no ring)

@: tree-form (expiring)
A: stationary, stasis, torment immunity, boosted hp, (large bone plates 1)
a: no special abilities


You were on level 2 of the Dungeon.
You were a tree.
You visited 1 branch of the dungeon, and saw 2 of its levels.

You collected 87 gold pieces.

Inventory:

Armour
 a - a +0 robe (melded)
Scrolls
 d - 3 scrolls of torment
 e - a scroll of enchant weapon
Potions
 c - a potion of flight {unknown}
 f - a potion of attraction {unknown}
 g - a potion of cancellation {unknown}
 i - a potion of might {unknown}
 j - 2 potions of curing {unknown}
 k - a potion of haste {unknown}


   Skills:
 - Level 1.0 Fighting
 - Level 1.7 Dodging
 + Level 0.3 Shields
 + Level 4.2 Unarmed Combat
 - Level 2.0 Spellcasting
 * Level 3.6 Transmutations


You had 7 spell levels left.
You knew the following spells:

 Your Spells              Type           Power      Damage    Failure   Level
a - Beastly Appendage     Tmut           26%        N/A       4%          1

Your spell library contained the following spells:

 Spells                   Type           Power      Damage    Failure   Level
 Wereblood                Tmut           13%        N/A       7%          2
 Sting                    Tmut/Pois      28%        1d4       10%         1
 Summon Small Mammal      Summ           4%         N/A       21%         1
 Poisonous Vapours        Pois/Air       2%         N/A       30%         2
 Spider Form              Tmut/Pois      7%         N/A       30%         3
 Call Canine Familiar     Summ           1%         N/A       52%         3
 Portal Projectile        Hex/Tloc       2%         N/A       52%         3
 Summon Guardian Golem    Hex/Summ       1%         N/A       52%         3
 Tukima's Dance           Hex            1%         N/A       52%         3
 Ice Form                 Ice/Tmut       7%         N/A       69%         4
 Blade Hands              Tmut           6%         N/A       78%         5
 Olgreb's Toxic Radiance  Pois           1%         N/A       90%         4


Dungeon Overview and Level Annotations

Branches:
Dungeon (2/15)

Altars:

Annotations:
D:2 Robin


Innate Abilities, Weirdness & Mutations

You are a tree.
Your roots penetrate the ground, keeping you stationary.
You cannot be teleported.
You are immune to unholy pain and torment.
Your maximum health is greatly increased.
Your equipment is partially melded.
((You are partially covered in large bone plates. (SH +4)))


Message History

The goblin hits you but does no damage.
Unknown command.
You barely miss the goblin.
The goblin no longer looks unusually strong.
The hobgoblin hits you.
* * * LOW HITPOINT WARNING * * *
The goblin hits you but does no damage.
You hit the goblin but do no damage.
The hobgoblin hits you but does no damage.
The goblin hits you but does no damage.
You hit the goblin.
The goblin is severely wounded.
The hobgoblin hits you but does no damage.
The goblin hits you but does no damage.
You hit the hobgoblin.
The hobgoblin is lightly wounded.
The goblin hits you but does no damage. The hobgoblin hits you.
* * * LOW HITPOINT WARNING * * *
You smack the hobgoblin!
You kill the hobgoblin!
The goblin hits you but does no damage.
You hit the hobgoblin.
The hobgoblin is moderately wounded.
The goblin hits you but does no damage. The hobgoblin barely misses you.
Robin hits you but does no damage.
Unknown command.
You smack the goblin!
You kill the goblin!
You cannot move.
You smack the hobgoblin!
You kill the hobgoblin!
Robin hits you but does no damage.
You cannot move.
Unknown command.
You cannot move.
You cannot move.
The hobgoblin no longer looks unusually strong.
Robin zaps a wand.
The bolt of dispelling energy hits you!
Your magical effects are unravelling.
You die...

..###...###...###### #....###'###
.##.##.##.##.##....# ####.###.# #
##...###...#######.######..##.###
#.....#.....### #.........##..†'
'..<..'†....'.###########...#..##
#.....#.....#...†.......#.#.#..##
##...###...##...........#.#....##
##.## ##.###############.##...##
###g.g###gggg)♣)...........>.##
+ggg..'..#############.####...
##..g##### #.# #### ## #.# # #.#
# #.# # #.# # #.# # #.#######


You could see Robin, 2 hobgoblins and a goblin.

Vanquished Creatures
  Natasha (thrice) (D:2)
  3 adders (D:2)
  2 worms (D:2)
  A dart slug (D:1)
  5 endoplasms
  3 giant cockroaches
  8 goblins
  7 hobgoblins
  4 jackals (D:1)
  5 kobolds
  A ball python (D:2)
  3 bats (D:2)
  4 frilled lizards
  2 rats (D:2)
51 creatures vanquished.

Notes
Turn   | Place    | Note
-------+----------+-------------------------------------------
     0 | D:1      | ytrimaz the Demonspawn Transmuter began the quest for the
                  | Orb.
     0 | D:1      | Reached XP level 1. HP: 15/15 MP: 3/3
   106 | D:1      | Reached skill level 3 in Unarmed Combat
   117 | D:1      | Gained mutation: You are partially covered in large bone
                  | plates. (SH +4) [demonic ancestry]
   117 | D:1      | Reached XP level 2. HP: 5/21 MP: 5/5
   119 | D:1      | HP: 1/21 [hobgoblin (3)]
   560 | D:1      | Found a faded altar of an unknown god.
  1214 | D:2      | Reached XP level 3. HP: 26/26 MP: 4/6
  1396 | D:2      | Noticed Natasha
  1405 | D:2      | Killed Natasha
  1602 | D:2      | Reached XP level 4. HP: 31/32 MP: 5/7
  1727 | D:2      | Noticed Natasha
  1736 | D:2      | Killed Natasha
  1952 | D:2      | Noticed Natasha
  1961 | D:2      | Killed Natasha
  1962 | D:2      | Reached skill level 4 in Unarmed Combat
  2112 | D:2      | Reached XP level 5. HP: 21/37 MP: 8/8
  2909 | D:2      | Noticed Robin
  2940 | D:2      | Killed from afar by Robin

Illustrated notes

Levels and vault maps discovered:
D:1:      psy_arrival_basics, layout_loops_ring, shapermc_ecumenical_altar_venn
D:2:      layout_basic, chequers_serial_rivers_room_a, nicolae_hexahallways,
          minmay_tall_x, uniq_natasha, uniq_robin

Skill      XL: |  1  2  3  4 |
---------------+-------------+-----
Unarmed Combat | 3 4 |  4.2
Transmutations | 2 3 |  3.6
Fighting       | |  1.0
Dodging        | |  1.7
Shields        | |  0.3
Spellcasting   | |  2.0

Action                   |  1- 3 |  4- 6 || total
-------------------------+-------+-------++-------
Melee: Unarmed           |    68 |    80 ||   148
       Kick              |    16 |    19 ||    35
       Headbutt          |     7 |     9 ||    16
       Punch             |     3 |     1 ||     4
 Cast: Beastly Appendage |    18 |    13 ||    31
  Use: Scroll            |     3 |     2 ||     5
       Potion            |       |     1 ||     1
 Stab: Sleeping          |     1 |       ||     1
Armor: Robe              |     6 |     9 ||    15
       Skin              |       |    12 ||    12
Dodge: Dodged            |    31 |    25 ||    56
Block: Other             |     9 |    12 ||    21

Table legend: (Time is in decaauts)
 A = Elapsed time spent in this place.
 B = Non-inter-level travel time spent in this place.
 C = Inter-level travel time spent in this place.
 D = Time resting spent in this place.
 E = Time spent auto-exploring this place.
 F = Levels seen in this place.
 G = Mean time per level.
                   A        B        C        D        E       F      G
               +--------+--------+--------+--------+--------+-----+--------+
         Total |   2935 |   2904 |     31 |      0 |   2559 |   2 | 1467.5 |
       Dungeon |   2935 |   2904 |     31 |      0 |   2559 |   2 | 1467.5 |
               +--------+--------+--------+--------+--------+-----+--------+

Top non-repeatable levels by time:
     D:2: 1763 daAuts
     D:1: 1171 daAuts
